 Dungeon Crawl Stone Soup version 0.30-a0-371-gad7725a93e (webtiles) character file.

Game seed: 12931075830869726549

72677 Shayle the Fighter (level 15, -10/124 HPs)
             Began as a Demonspawn Reaver on Nov 20, 2022.
             Was a Priest of Ashenzari.
             Hit by a silver javelin thrown by a merfolk javelineer (11 damage)
             ... on level 2 of the Shoals on Nov 21, 2022.
             The game lasted 01:43:10 (24527 turns).

Shayle the Fighter (Demonspawn Reaver)             Turns: 24527, Time: 01:43:11

Health: -10/124    AC: 21    Str: 22    XL:     15   Next: 1%
Magic:  0/30       EV: 19    Int: 21    God:    Ashenzari [***...]
Gold:   1047       SH:  3    Dex: 13    Spells: 12/36 levels left

rFire   + . .      SeeInvis +    V - +10 war axe of Arrival {vorpal, rElec rPois Str+8 Dex-4}
rCold   + . .      Faith    .    o - +0 buckler
rNeg    . . .      Spirit   +    H - +3 leather armour {rF+}
rPois   +          Reflect  .    K - +1 helmet of the Cryptic Stickiness {Comp, Bglg} (curse)
rElec   +          Harm     .    G - +2 cloak "Manifest Vision" {Bglg, Fort} (curse)
rCorr   .          Rampage  .    (gloves unavailable)
Will    +....      Clarity  +    (no boots)
Stlth   ++........               O - amulet of Ouranomancy {Acrobat rC+ Dex+6 SInv, Self, Comp} (curse)
HPRegen 0.40/turn                y - ring "Behold Eternity" {AC+4, Elem, Melee} (curse)
MPRegen 0.44/turn                M - ring of Ashenzari's Chagrin {AC+4, Comp, Cun} (curse)

@: agile
A: claws 3, powered by pain 1, magic shield, magic regeneration, magic link,
sturdy frame 2
a: Renounce Religion, Curse Item, Shatter the Chains


You were on level 2 of the Shoals.
You worshipped Ashenzari.
Ashenzari was most pleased with you.
You visited 5 branches of the dungeon, and saw 24 of its levels.
You also visited: Bailey.

You collected 3260 gold pieces.
You spent 2213 gold pieces at shops.

Inventory:

Hand Weapons
 N - a +2 war axe of flaming
 R - the +11 dagger of Maablo {vorpal, rCorr Str+3 Dex-2}
   (You found it in a bailey)

   It inflicts extra damage upon your enemies.
   Str:       It affects your strength (+3).
   Dex:       It affects your dexterity (-2).
   rCorr:     It protects you from acid and corrosion.
 V - the +10 war axe of Arrival (weapon) {vorpal, rElec rPois Str+8 Dex-4}
   (You found it on level 9 of the Dungeon)

   It inflicts extra damage upon your enemies.
   Str:       It affects your strength (+8).
   Dex:       It affects your dexterity (-4).
   rElec:     It insulates you from electricity.
   rPois:     It protects you from poison.
 X - the +11 mace "Zuypp" {vorpal, rF+ rN+}
   (You found it on level 5 of the Lair of Beasts)

   It inflicts extra damage upon your enemies.
   rF:        It protects you from fire.
   rN:        It protects you from negative energy.
Missiles
 f - a throwing net
Armour
 c - +0 steam dragon scales
 o - a +0 buckler (worn)
 G - the cursed +2 cloak "Manifest Vision" (worn) {Bglg, Fort}
   (You found it on level 1 of the Dungeon)

   It has a curse which improves the following skills: Beguiling: Conjurations,
   Hexes and Translocations.
   Fortitude: Armour and Shields.
 H - a +3 leather armour of fire resistance (worn)
 K - the cursed +1 helmet of the Cryptic Stickiness (worn) {Comp, Bglg}
   (You found it on level 6 of the Dungeon)

   It has a curse which improves the following skills: Companions: Summonings
   and Necromancy.
   Beguiling: Conjurations, Hexes and Translocations.
 P - a +3 leather armour of positive energy
 Q - a +2 leather armour of cold resistance
 Y - a +1 helmet of intelligence
Jewellery
 y - the cursed ring "Behold Eternity" (left claw) {AC+4, Elem, Melee}
   (You found it on level 3 of the Dungeon)

   [ring of protection]

   AC:        It affects your AC (+4).
   It has a curse which improves the following skills: Elements: Fire Magic, Ice
   Magic, Air Magic and Earth Magic.
   Melee Combat: Short Blades, Long Blades, Axes, Maces & Flails, Polearms,
   Staves and Unarmed Combat.
 M - the cursed ring of Ashenzari's Chagrin (right claw) {AC+4, Comp, Cun}
   (You found it on level 7 of the Dungeon)

   [ring of protection]

   AC:        It affects your AC (+4).
   It has a curse which improves the following skills: Companions: Summonings
   and Necromancy.
   Cunning:   Dodging and Stealth.
 O - the cursed amulet of Ouranomancy (around neck) {Acrobat rC+ Dex+6 SInv, Self, Comp}
   (You found it on level 8 of the Dungeon)

   [amulet of the acrobat]

   It increases your evasion while moving and waiting.
   Dex:       It affects your dexterity (+6).
   rC:        It protects you from cold.
   SInv:      It lets you see invisible.
   It has a curse which improves the following skills: Introspection: Fighting
   and Spellcasting.
   Companions: Summonings and Necromancy.
Wands
 d - a wand of mindburst (23)
 k - a wand of polymorph (1)
 w - a wand of flame (42)
 A - a wand of quicksilver (5)
 F - a wand of iceblast (1)
 U - a wand of digging (6)
Scrolls
 a - a scroll of poison
 b - a scroll of fog
 j - a scroll of teleportation
 l - 3 scrolls of amnesia
 p - 2 scrolls of silence
 x - 3 scrolls of magic mapping
 D - a scroll of enchant weapon
 E - 3 scrolls of fear
 I - 3 scrolls of torment
Potions
 e - 3 potions of might
 g - 7 potions of attraction
 h - 3 potions of brilliance
 i - 3 potions of cancellation
 n - 4 potions of mutation
 q - 14 potions of curing
 r - 6 potions of flight
 s - 2 potions of invisibility
 u - 2 potions of lignification
 z - 2 potions of magic
 C - a potion of resistance
 J - 2 potions of ambrosia
 T - a potion of berserk rage


   Skills:
 + Level 11.8(13.4) Fighting
 - Level 8.4(10.1) Armour
 - Level 4.8(6.4) Dodging
 - Level 1.4(2.5) Stealth
 - Level 2.9(4.3) Unarmed Combat
 - Level 9.7(11.3) Spellcasting
 - Level 10.7(13.1) Conjurations
 + Level 6.5(9.7) Necromancy
 * Level 11.4(13.0) Fire Magic
 - Level 9.4(11.1) Ice Magic


You had 12 spell levels left.
You knew the following spells:

 Your Spells              Type           Power      Damage    Failure   Level
a - Kiss of Death         Conj/Necr      100%       2d13      1%          1
b - Hailstorm             Conj/Ice       58%        3d13      1%          3
c - Frozen Ramparts       Ice            100%       1d16      1%          3
d - Blink                 Tloc           26%        N/A       11%         2
e - Scorch                Fire           100%       2d10      1%          2
f - Fireball              Conj/Fire      30%        3d13      1%          5
g - Ignition              Fire           30%        3d10      94%         8

Your spell library contained the following spells:

 Spells                   Type           Power      Damage    Failure   Level
 Freeze                   Ice            100%       1d10      1%          1
 Magic Dart               Conj           100%       1d8       1%          1
 Necrotise                Necr           100%       1d9       1%          1
 Ensorcelled Hibernation  Hex/Ice        70%        N/A       1%          2
 Momentum Strike          Conj/Tloc      80%        3d10      1%          2
 Sticky Flame             Conj/Fire      61%        2d8       1%          4
 Cigotuvi's Dreadful Rot  Necr/Pois/Air  50%        N/A       3%          2
 Ignite Poison            Fire/Tmut/Pois 30%        N/A       3%          3
 Mephitic Cloud           Conj/Pois/Air  30%        N/A       3%          3
 Summon Small Mammal      Summ           52%        N/A       6%          1
 Apportation              Tloc           26%        N/A       7%          1
 Call Imp                 Summ           13%        N/A       10%         2
 Anguish                  Hex/Necr       16%        N/A       10%         4
 Poisonous Vapours        Pois/Air       24%        N/A       11%         2
 Irradiate                Conj/Tmut      19%        3d18      14%         5
 Lesser Beckoning         Tloc           26%        N/A       21%         3
 Metabolic Englaciation   Hex/Ice        17%        N/A       21%         5
 Spider Form              Tmut/Pois      11%        N/A       22%         3
 Cause Fear               Hex            6%         N/A       56%         4
 Petrify                  Tmut/Erth      12%        N/A       58%         4
 Blade Hands              Tmut           5%         N/A       91%         5
 Statue Form              Tmut/Erth      8%         N/A       100%        6
 Dragon Form              Tmut           5%         N/A       100%        7
 Dragon's Call            Summ           6%         N/A       100%        9


Dungeon Overview and Level Annotations

Branches:
Dungeon (13/15)            Temple (1/1) D:5            Lair (5/5) D:9
 Shoals (3/4) Lair:2        Snake (0/4) Lair:3        Slime (0/5) Lair:5
    Orc (2/2) D:11            Elf (0/3) Orc:2        Bailey (visited)
 Vaults: D:13-14

Altars:
Ashenzari
Cheibriados
Gozag
Nemelex Xobeh
Okawaru

Shops:
D:1 :   D:5 ?   D:6 (   D:11 (   D:12 *   Orc:2 :**(   Shoals:2 =

Annotations:
D:3 1 runed translucent door, Crazy Yiuf
D:12 3 runed translucent doors, SmokeWeed's ghost, journeyman DsGl
D:13 Jorgrun
Orc:2 3 runed translucent doors, Pooter's ghost, journeyman MiBe


Innate Abilities, Weirdness & Mutations

You have claws for hands.
You sometimes gain a little power by taking damage.
When hurt, damage is shared between your health and your magic reserves.
You regenerate magic rapidly.
When low on magic, you restore magic in place of health.
Your movements are less encumbered by armour. (ER -4)


Message History

The fireball engulfs the merfolk javelineer!!
The merfolk javelineer is heavily wounded.
Unknown command.
Casting: Fireball (mildly dangerous; 1% risk of failure)
Confirm with . or Enter, or press ? or * to list all spells.
Aiming: Fireball (mildly dangerous; 1% risk of failure)
Press: ? - help, Shift-Dir - straight line, f - merfolk javelineer
Aim: a merfolk javelineer, wielding a +1 vorpal spear, wearing a +0 leather armour and quivering silver javelins (moderately wounded)
The fireball explodes!
The fireball engulfs the merfolk javelineer!!
The merfolk javelineer is severely wounded.
The fireball engulfs the plant!!
The plant is moderately damaged.
The fireball engulfs the plant!!
The plant is moderately damaged.
You hear a shout! x2; You hear a screech!
The merfolk javelineer throws a silver javelin.
The silver javelin pierces through you!
* * * LOW HITPOINT WARNING * * *
The silver sears you!
* * * LOW HITPOINT WARNING * * *
Unknown command.
Casting: Fireball (mildly dangerous; 1% risk of failure)
Confirm with . or Enter, or press ? or * to list all spells.
You don't have enough magic to cast this spell.
That's the wrong kind of item! (Use * to select it.) Evoke which item? (* to show all) (? for menu, Esc to quit)
Aiming: Iceblast
Press: ? - help, Shift-Dir - straight line, f/p - merfolk javelineer
Aim: a merfolk javelineer, wielding a +1 vorpal spear, wearing a +0 leather armour and quivering silver javelins (severely wounded)
The mass of ice explodes!
The iceblast engulfs the merfolk javelineer.
The merfolk javelineer is severely wounded.
The iceblast engulfs the plant!!
The plant is heavily damaged.
The iceblast engulfs the plant!
The plant is moderately damaged.
The merfolk javelineer throws a silver javelin.
The silver javelin pierces through you!
You die...

~ , ~
~~~~≈≈≈≈≈~~~~.. , ,
* ~~~≈≈≈≈≈~~~~..# ,
≈~≈H≈≈~.~≈≈$.#** ~
≈≈≈≈≈≈~..~...** ~ ~
, ~~~~~≈≈~~... , , ~
~ ~~ ~~~~~~~~..# . ~
≈~........###* , ~.,
~ ~~......@...# ,.~.
~....###....###.~~.
~ ~ ~ ~.. **
#mP......... ~ ~ ~
.####P.......... ~
,..........P##.~ ~ ~
~~......P.P....P~~~~
~~ ~
..P....PP~~P~P~~~ ,
.....~~~≈~P~~~≈~~~ ~
*##..~~PP≈≈≈~~~≈≈≈


You could see a merfolk javelineer and a manticore.

Vanquished Creatures
  Gastronok (D:11)
  An orc warlord (Orc:1)
  A dire elephant (Lair:5)
  A merfolk impaler (Shoals:1)
  Fannar (D:11)
  2 hydras
  A centaur warrior (D:13)
  Erica (D:8)
  2 two-headed ogres (D:11)
  2 catoblepae
  A merfolk aquamancer (Shoals:1)
  A deep troll shaman (Lair:5)
  2 boulder beetles
  14 death yaks
  4 orc high priests (Orc:2)
  A sea snake (Shoals:1)
  Pikel (D:8)
  3 harpies (Shoals:1)
  4 orc knights
  An ugly thing (D:11)
  8 orc sorcerers
  A manticore (Shoals:1)
  4 cyclopes
  3 fauns (Shoals:1)
  2 merfolk sirens (Shoals:1)
  A torpor snail (Lair:5)
  12 elephants
  Joseph (D:7)
  6 black mambas
  6 cane toads
  Maggie (D:8)
  6 komodo dragons
  2 unseen horrors (D:11)
  3 rime drakes
  2 kobold demonologists
  A tengu conjurer (D:11)
  11 trolls
  3 polar bears
  A wind drake (Shoals:1)
  4 merfolk (Shoals:1)
  6 dream sheep (Lair:5)
  A snapping turtle (Shoals:1)
  4 slime creatures (D:11)
  12 blink frogs
  2 water elementals (Shoals:1)
  2 wraiths (D:11)
  A basilisk (Lair:5)
  3 vampires
  4 fire bats (D:10)
  3 wyverns
  18 yaks
  14 vampire mosquitoes
  2 steam dragons
  2 acid dragons (D:13)
  6 wargs
  Duvessa (D:5)
  12 water moccasins
  A hell hound (D:10)
  31 orc warriors
  5 sky beasts
  2 black bears (Lair:5)
  20 wolves
  5 centaurs
  7 ogres
  4 kobold brigands
  A necrophage (D:8)
  9 bullfrogs
  3 gnoll sergeants
  2 scorpions
  7 wights
  Dowan (D:6)
  4 killer bees (D:7)
  5 howler monkeys
  3 electric eels (Bailey)
  2 lava snakes (D:10)
  14 orc priests
  4 jellies (Lair:5)
  3 iguanas
  Natasha (twice) (D:3)
  36 orc wizards
  9 adders
  26 gnolls
  A shadow imp (D:7)
  4 white imps
  3 ufetubi
  4 worms
  A dart slug (D:4)
  106 orcs
  5 ball pythons
  4 endoplasms
  2 giant cockroaches
  23 goblins
  17 hobgoblins
  4 jackals
  21 kobolds
  4 quokkas
  3 training dummies (D:6)
  9 bats
  5 frilled lizards
  3 rats
  3 fire vortices (D:10)
644 creatures vanquished.

Vanquished Creatures (collateral kills)
  A wind drake (Shoals:1)
  A water elemental (Shoals:1)
  A jelly (D:6)
3 creatures vanquished.

Vanquished Creatures (others)
  An orc knight (Orc:2)
  An orc sorcerer (Orc:2)
  16 fungi
  40 plants
58 creatures vanquished.

Grand Total: 705 creatures vanquished

Notes
Turn   | Place    | Note
-------+----------+-------------------------------------------
     0 | D:1      | Shayle the Demonspawn Reaver began the quest for the Orb.
     0 | D:1      | Reached XP level 1. HP: 16/16 MP: 3/3
   274 | D:1      | Gained mutation: You have sharp fingernails. [demonic
                  | ancestry]
   274 | D:1      | Reached XP level 2. HP: 9/22 MP: 5/5
   367 | D:1      | Reached skill level 1 in Stealth
   432 | D:1      | Found Fidac's Book Emporium.
   697 | D:1      | Gained mutation: You have very sharp fingernails. [demonic
                  | ancestry]
   697 | D:1      | Reached XP level 3. HP: 17/27 MP: 6/6
  1346 | D:2      | Learned a level 3 spell: Hailstorm
  1899 | D:2      | Gained mutation: Your movements are slightly less
                  | encumbered by armour. (ER -2) [demonic ancestry]
  1899 | D:2      | Reached XP level 4. HP: 34/34 MP: 7/7
  2261 | D:3      | Identified the +1 pair of gloves of Shadows and Fog {Dex+2}
  2412 | D:3      | Found a runed translucent door.
  2413 | D:3      | Noticed Crazy Yiuf
  2582 | D:3      | Noticed Natasha
  2592 | D:3      | Killed Natasha
  2816 | D:3      | Found a faded altar of an unknown god.
  2818 | D:3      | Noticed a great orb of eyes
  2823 | D:3      | Noticed a golden eye
  2846 | D:3      | Noticed a great orb of eyes
  2857 | D:3      | Found an opulent altar of Gozag.
  2918 | D:3      | Noticed a floating eye
  2961 | D:3      | Noticed Natasha
  2971 | D:3      | Killed Natasha
  2972 | D:3      | Reached skill level 1 in Ice Magic
  2972 | D:3      | Reached XP level 5. HP: 40/40 MP: 7/9
  3505 | D:4      | Found a snail-covered altar of Cheibriados.
  3798 | D:4      | Noticed an ogre
  3811 | D:4      | Killed an ogre
  3812 | D:4      | Gained mutation: You sometimes gain a little power by
                  | taking damage. [demonic ancestry]
  3812 | D:4      | Reached XP level 6. HP: 26/47 MP: 4/10
  3820 | D:4      | Got the Octavo of Kindling
  3985 | D:5      | Entered Level 5 of the Dungeon
  3985 | D:5      | Noticed a sky beast
  3999 | D:5      | Killed a sky beast
  4310 | D:5      | Found a broken altar of Ashenzari.
  4356 | D:5      | Became a worshipper of Ashenzari the Shackled
  4482 | D:5      | Gained mutation: You regenerate magic rapidly. [demonic
                  | ancestry]
  4482 | D:5      | Reached XP level 7. HP: 53/53 MP: 12/12
  4486 | D:5      | Learned a level 3 spell: Frozen Ramparts
  4489 | D:5      | Learned a level 2 spell: Blink
  4492 | D:5      | Learned a level 2 spell: Scorch
  4604 | D:5      | Found a staircase to the Ecumenical Temple.
  4613 | Temple   | Entered the Ecumenical Temple
  4632 | D:5      | Found Ozoweg's Magic Scroll Boutique.
  5700 | D:6      | Reached skill level 1 in Fire Magic
  5729 | D:6      | Found Sen Ypira's Firing Range.
  5785 | D:6      | Noticed Dowan
  5788 | D:6      | Noticed Duvessa
  5818 | D:6      | Killed Dowan
  5869 | D:5      | Killed Duvessa
  6052 | D:6      | Reached XP level 8. HP: 54/61 MP: 14/14
  6220 | D:6      | Reached * piety under Ashenzari
  6583 | D:6      | Reached skill level 5 in Conjurations
  7277 | D:7      | Reached skill level 5 in Fighting
  7621 | D:7      | Reached ** piety under Ashenzari
  7633 | D:7      | Noticed Joseph
  7653 | D:7      | Gained mutation: Your movements are less encumbered by
                  | armour. (ER -4) [demonic ancestry]
  7653 | D:7      | Reached XP level 9. HP: 55/68 MP: 16/16
  7679 | D:7      | Killed Joseph
  7680 | D:7      | Reached skill level 1 in Armour
  7680 | D:7      | Reached skill level 5 in Spellcasting
  7854 | D:8      | Noticed Maggie
  7877 | D:8      | Killed Maggie
  7963 | D:8      | Found a flagged portal.
  7971 | Bailey   | Entered a bailey
  8148 | Bailey   | Reached skill level 5 in Ice Magic
  8190 | Bailey   | Noticed an orc sorcerer
  8198 | Bailey   | Paralysed by an orc sorcerer for 4 turns
  8210 | Bailey   | Killed an orc sorcerer
  8301 | Bailey   | Identified a scroll of acquirement
  8306 | Bailey   | Acquired 284 gold pieces
  8354 | Bailey   | Found an iron altar of Okawaru.
  8354 | Bailey   | Noticed a kobold demonologist
  8369 | Bailey   | Reached XP level 10. HP: 67/76 MP: 14/18
  8514 | Bailey   | Identified the +11 dagger of Maablo {vorpal, rCorr Str+3
                  | Dex-2}
  8539 | Bailey   | Noticed an orc knight
  8552 | Bailey   | Killed an orc knight
  9449 | D:8      | Noticed Erica
  9457 | D:8      | Reached skill level 5 in Fire Magic
  9465 | D:8      | Killed Erica
  9665 | D:8      | Identified the amulet of Anyngelu {Acrobat rC+ Dex+6 SInv}
  9901 | D:8      | Noticed Pikel
  9914 | D:8      | Killed Pikel
 10516 | D:9      | Gained mutation: When hurt, damage is shared between your
                  | health and your magic reserves. [demonic ancestry]
 10516 | D:9      | Reached XP level 11. HP: 76/84 MP: 8/21
 10580 | D:9      | Found a sparkling altar of Nemelex Xobeh.
 10768 | D:9      | Identified the +10 war axe of Arrival {vorpal, rElec rPois
                  | Str+8 Dex-4}
 11105 | D:9      | Found a staircase to the Lair.
 11492 | D:9      | Noticed a centaur warrior
 11493 | D:9      | Noticed a boulder beetle
 11567 | Lair:1   | Entered Level 1 of the Lair of Beasts
 11713 | Lair:1   | Reached *** piety under Ashenzari
 11726 | Lair:1   | Reached skill level 5 in Armour
 12750 | Lair:2   | Found a staircase to the Shoals.
 13459 | Lair:3   | Reached XP level 12. HP: 87/94 MP: 13/23
 13594 | Lair:3   | Found a staircase to the Snake Pit.
 14320 | Lair:4   | Noticed a death yak
 14320 | Lair:4   | Noticed a death yak
 14320 | Lair:4   | Noticed a death yak
 14320 | Lair:4   | Noticed a death yak
 14321 | Lair:4   | Noticed a death yak
 14322 | Lair:4   | Noticed a death yak
 14345 | Lair:4   | Killed a death yak
 14350 | Lair:4   | Killed a death yak
 14353 | Lair:4   | Killed a death yak
 14360 | Lair:4   | Killed a death yak
 14365 | Lair:4   | Killed a death yak
 14372 | Lair:4   | Killed a death yak
 14872 | Lair:4   | Noticed a six-headed hydra
 14877 | Lair:4   | Killed a six-headed hydra
 15479 | Lair:5   | Entered Level 5 of the Lair of Beasts
 15631 | Lair:5   | Noticed a death yak
 15642 | Lair:5   | Noticed a death yak
 15656 | Lair:5   | Killed a death yak
 15661 | Lair:5   | Killed a death yak
 15910 | Lair:5   | Gained mutation: When low on magic, you restore magic in
                  | place of health. [demonic ancestry]
 15910 | Lair:5   | Reached XP level 13. HP: 77/101 MP: 5/25
 16513 | Lair:5   | Reached skill level 10 in Conjurations
 16579 | Lair:5   | Found a staircase to the Slime Pits.
 17099 | Lair:5   | Reached skill level 10 in Fighting
 17240 | Lair:5   | Noticed a dire elephant
 17254 | Lair:5   | Killed a dire elephant
 17322 | Lair:5   | Identified the +11 mace "Zuypp" {vorpal, rF+ rN+}
 17323 | Lair:5   | Identified the +4 crystal plate armour "Nauzxunn" {Will+
                  | Int+3}
 17925 | D:10     | Entered Level 10 of the Dungeon
 18163 | D:10     | Reached **** piety under Ashenzari
 18745 | D:10     | Identified the +8 sling of Ginwef {flame, Str+5 Int-5}
 18900 | D:11     | Reached skill level 1 in Necromancy
 18981 | D:11     | Learned a level 5 spell: Fireball
 19042 | D:11     | Noticed Fannar
 19071 | D:11     | Killed Fannar
 19072 | D:11     | Gained mutation: You have claws for hands. [demonic
                  | ancestry]
 19072 | D:11     | Reached XP level 14. HP: 40/115 MP: 6/29
 19334 | D:11     | Learned a level 8 spell: Ignition
 19462 | D:11     | Found a staircase to the Orcish Mines.
 19469 | Orc:1    | Entered Level 1 of the Orcish Mines
 20188 | Orc:2    | Entered Level 2 of the Orcish Mines
 20383 | Orc:2    | Paralysed by an orc sorcerer for 3 turns
 20753 | Orc:2    | Found Sanoguezo's Antique Weapon Emporium.
 21086 | Orc:2    | Found Ihonach's Book Emporium.
 21093 | Orc:2    | Reached skill level 10 in Fire Magic
 21138 | Orc:2    | Found Xoyqaawk's Assorted Antiques.
 21138 | Orc:2    | Found Ehifuash's General Store.
 21165 | Orc:2    | Bought a scroll of acquirement for 1404 gold pieces
 21166 | Orc:2    | Acquired 948 gold pieces
 21171 | Orc:2    | Bought 2 viscous pink potions for 48 gold pieces
 21175 | Orc:2    | Bought a wand of iceblast (3) for 194 gold pieces
 21175 | Orc:2    | Bought a wand of quicksilver (5) for 567 gold pieces
 21278 | Orc:2    | Found a runed translucent gate.
 21278 | Orc:2    | Found a runed translucent gate.
 21278 | Orc:2    | Found a runed translucent gate.
 21278 | Orc:2    | Identified the +1 leather armour of Courage {Slay+5}
 21279 | Orc:2    | Found an iron altar of Okawaru.
 21279 | Orc:2    | Noticed Pooter's ghost (journeyman MiBe)
 21279 | Orc:2    | Found the +8 demon blade "Leech" {vamp, Harm Drain rN+}
 21279 | Orc:2    | Noticed a stone giant
 21359 | Orc:2    | Noticed an orc warlord
 21377 | Orc:1    | Killed an orc warlord
 21634 | Orc:2    | Found a staircase to the Elven Halls.
 21842 | D:11     | Noticed Gastronok
 21854 | D:11     | Killed Gastronok
 21855 | D:11     | Reached skill level 5 in Necromancy
 22018 | D:11     | Found Gykloha's Antique Weapon Emporium.
 22354 | D:12     | Found Puopner's General Store.
 22389 | D:12     | Found a runed translucent gate.
 22390 | D:12     | Found a runed translucent gate.
 22393 | D:12     | Found a runed translucent gate.
 22955 | D:12     | Noticed SmokeWeed's ghost (journeyman DsGl)
 22955 | D:12     | Identified the ring "Itallut" {Fire rPois Will+++ Str-2
                  | Int-3}
 23569 | D:13     | Noticed Jorgrun
 24016 | Shoals:1 | Entered Level 1 of the Shoals
 24466 | Shoals:1 | Reached XP level 15. HP: 75/124 MP: 5/30
 24497 | Shoals:2 | Found Joaxas's Jewellery Shoppe.
 24526 | Shoals:2 | HP: 4/124 [merfolk javelineer/silver javelin (6)]
 24526 | Shoals:2 | HP: 1/124 [merfolk javelineer/silver javelin (3)]
 24527 | Shoals:2 | Hit by a silver javelin thrown by a merfolk javelineer

Illustrated notes

Levels and vault maps discovered:
D:1:      scummos_arrival_simple_crosswalls, layout_basic, serial_shops, shop
D:2:      layout_loops_corners, minmay_increasing_density
D:3:      kennysheep_six_static_rooms, layout_basic,
          mainiacjoe_overflow_small_starburst,
          hellmonk_ecumenical_altar_watching_god, uniq_natasha,
          uniq_crazy_yiuf_cottage
D:4:      layout_basic, cheibrodos_worm_habitat
D:5:      wander_river, layout_loops_corners, lemuel_round_altar,
          minmay_temple_entry_tees, serial_shops, nicolae_take_the_stairs
D:6:      layout_basic, nicolae_shop_firing_range, uniq_duvessa
D:7:      nicolae_cairo_tiling, layout_basic, jmf_multi_god_temple2,
          lemuel_crystal_altar, dk_vineyard_2, skrybe_limestone_x, uniq_joseph
D:8:      layout_loops_cross, special_room [special_room_orc], enter_bailey_3,
          st_stairs_3, kennysheep_generic_room_6, uniq_pikel, uniq_erica,
          uniq_maggie
D:9:      nzn_winding_woodlands_three_and_one [nzn_winding_woodlands_5x15_pool,
          nzn_winding_woodlands_5x15_lazy_stream,
          nzn_winding_woodlands_5x15_twine,
          nzn_winding_woodlands_center_triple_pond], layout_cave_pods,
          nemelex_diamond_rough_becter, erik_lair_orcish_takeover
D:10:     layout_basic, nrook_mini_backslash, hangedman_incinerator
D:11:     minmay_opposing_rooms, layout_gridville, hiddenorc1_lemuel,
          serial_shops, nicolae_diamond_shop, uniq_fannar, uniq_gastronok
D:12:     layout_irregular_city, serial_shops, shop_statue, gammafunk_ghost_icy
D:13:     layout_gridville, serial_shops, nicolae_shop_behind_doors,
          uniq_jorgrun, uniq_nessos
Temple:   bh_familiar_temple
Lair:1:   layout_concentric_octagons, grunt_megastairs_5
Lair:2:   layout_long_grid, elwin_shoals_entry_rocks
Lair:3:   layout_loops_ring, minmay_snake_entry_six_corridors,
          grunt_megastairs_2
Lair:4:   layout_roguey, serial_rivers, chequers_serial_rivers_large_b,
          chequers_serial_rivers_micro_b, chequers_serial_rivers_marsh,
          chequers_serial_rivers_room_a, chequers_serial_rivers_room_a,
          lemuel_old_faithful
Lair:5:   grunt_lair_end_beastmaster, layout_hall_layers,
          minmay_slime_entry_pillars, chequers_serial_rivers_small_b,
          wad_woods_road_05
Shoals:1: layout_shoals
Shoals:2: layout_shoals, serial_shops, nicolae_stop_n_shop_1
Shoals:3: layout_shoals, serial_shops, shop_coins, nicolae_shoals_spectral_cove,
          uniq_polyphemus
Orc:1:    layout_caves, guppyfry_library_mini
Orc:2:    st_orc_elflike, layout_diamond_mine, gammafunk_ghost_fury_of_okawaru

Skill      XL: |  1  2  3  4  5  6  7  8  9 10 11 12 13 14 |
---------------+-------------------------------------------+-----
Stealth        | 1 |  1.4
Dodging        | 2 3 4 |  4.8
Ice Magic      | 1 2 3 4 5 6 7 8 9 |  9.4
Fighting       | 3 4 5 6 7 8 9 10 11 | 11.8
Spellcasting   | 3 4 5 6 7 8 9 |  9.7
Conjurations   | 4 5 6 7 8 9 10 | 10.7
Fire Magic     | 1 3 4 5 6 7 8 11 | 11.4
Armour         | 2 4 5 7 8 |  8.4
Necromancy     | 1 6 |  6.5
Unarmed Combat | |  2.9

Action                   |  1- 3 |  4- 6 |  7- 9 | 10-12 | 13-15 || total
-------------------------+-------+-------+-------+-------+-------++-------
Melee: Spear             |   123 |       |       |       |       ||   123
       Unarmed           |     2 |       |       |       |       ||     2
       Punch             |     1 |     5 |    11 |    18 |    12 ||    47
       Short sword       |    55 |   176 |   413 |    39 |       ||   683
       Dagger            |       |       |       |   324 |   116 ||   440
       Mace              |       |       |       |       |   119 ||   119
       War axe           |       |       |       |       |    47 ||    47
Throw: Throwing net      |       |       |       |     1 |     3 ||     4
 Cast: Kiss of Death     |     1 |       |       |       |     1 ||     2
       Hailstorm         |       |     3 |     8 |    38 |    32 ||    81
       Scorch            |       |       |    18 |    76 |   123 ||   217
       Frozen Ramparts   |       |       |    11 |    50 |    41 ||   102
       Fireball          |       |       |       |       |   188 ||   188
Invok: Curse Item        |       |       |     3 |     2 |     1 ||     6
Evoke: Wand              |       |     1 |     2 |    12 |    25 ||    40
  Use: Scroll            |       |       |     7 |     2 |    11 ||    20
       Potion            |       |       |     5 |       |     7 ||    12
 Stab: Sleeping          |       |     3 |     1 |     2 |       ||     6
Armor: Leather armour    |    77 |    76 |   203 |   223 |   295 ||   874
Dodge: Dodged            |   126 |   127 |   259 |   344 |   430 ||  1286
Block: Buckler           |       |       |       |       |    49 ||    49

Table legend: (Time is in decaauts)
 A = Elapsed time spent in this place.
 B = Non-inter-level travel time spent in this place.
 C = Inter-level travel time spent in this place.
 D = Time resting spent in this place.
 E = Time spent auto-exploring this place.
 F = Levels seen in this place.
 G = Mean time per level.
                   A        B        C        D        E       F      G
               +--------+--------+--------+--------+--------+-----+--------+
         Total |  24830 |  23586 |   1244 |   3923 |  13653 |  25 |  993.2 |
       Dungeon |  14614 |  13805 |    809 |   2093 |   8401 |  13 | 1124.2 |
        Temple |      1 |      1 |      0 |      0 |      0 |   1 |    1.0 |
          Lair |   6327 |   5963 |    364 |    680 |   3962 |   5 | 1265.4 |
        Shoals |    544 |    544 |      0 |    261 |     52 |   3 |  181.3 |
  Orcish Mines |   2264 |   2195 |     69 |    457 |   1013 |   2 | 1132.0 |
        Bailey |   1077 |   1077 |      0 |    431 |    224 |   1 | 1077.0 |
               +--------+--------+--------+--------+--------+-----+--------+

Top non-repeatable levels by time:
  Lair:5: 2139 daAuts
     D:9: 1828 daAuts
     D:6: 1635 daAuts
     D:5: 1387 daAuts
  Lair:4: 1368 daAuts
    D:12: 1321 daAuts
   Orc:2: 1319 daAuts
     D:1: 1223 daAuts
    D:11: 1185 daAuts
     D:2: 1150 daAuts
     D:8: 1142 daAuts
  Bailey: 1077 daAuts
  Lair:2: 1057 daAuts
  Lair:3: 970 daAuts
    D:10: 954 daAuts
